 Dungeon Crawl Stone Soup version 0.28-a0-1518-gbe868bca14 (webtiles) character file.

Game seed: 14651763176120770532

17 dave1331 the Skirmisher (level 2, 0/27 HPs)
             Began as a Hill Orc Fighter on Jan 16, 2022.
             Killed from afar by Natasha (4 damage)
             ... with a magic dart
             ... on level 2 of the Dungeon.
             The game lasted 00:06:16 (323 turns).

dave1331 the Skirmisher (Hill Orc Fighter)           Turns: 323, Time: 00:06:17

Health: 0/27       AC:  6    Str: 18    XL:     2   Next: 62%
Magic:  2/2        EV:  9    Int:  8    God:
Gold:   57         SH:  4    Dex: 10    Spells: 1/1 levels left

rFire   . . .      SeeInvis .   a - +0 long sword
rCold   . . .      Faith    .   c - +0 buckler
rNeg    . . .      Spirit   .   b - +0 scale mail
rPois   .          Reflect  .   (no helmet)
rElec   .          Harm     .   (no cloak)
rCorr   .          Rampage  .   (no gloves)
Will    .....                   (no boots)
Stlth   ..........              (no amulet)
HPRegen 0.09/turn               (no ring)
MPRegen 0.08/turn               (no ring)

@: no status effects
A: no striking features
a: no special abilities


You were on level 2 of the Dungeon.
You visited 1 branch of the dungeon, and saw 2 of its levels.

You collected 57 gold pieces.

Inventory:

Hand Weapons
 a - a +0 long sword (weapon)
Armour
 b - a +0 scale mail (worn)
 c - a +0 buckler (worn)
 e - a +0 leather armour of cold resistance
Scrolls
 f - a scroll of blinking {unknown}
Potions
 d - a potion of invisibility {unknown}
 g - a potion of haste {unknown}
 h - a potion of heal wounds {unknown}


   Skills:
 + Level 3.9 Fighting
 + Level 2.4 Long Blades
 + Level 3.6 Armour
 + Level 3.5 Shields


You had one spell level left.
You didn't know any spells.
Your spell library was empty.

Dungeon Overview and Level Annotations

Branches:
Dungeon (2/15)

Altars:

Annotations:
D:2 Natasha


Message History

The goblin is heavily wounded.
The ball python bites you but does no damage.
The ball python constricts you. The goblin hits you but does no damage.
You closely miss the goblin.
The goblin is heavily wounded.
You block the ball python's attack. The ball python constricts you.
The goblin hits you with a +0 whip.
* * * LOW HITPOINT WARNING * * *
The ball python bites you but does no damage.
The ball python constricts you.
* * * LOW HITPOINT WARNING * * *
You escape the ball python's grasp.
You slash the ball python!
You kill the ball python!
The goblin barely misses you. The goblin hits you but does no damage.
You closely miss the goblin.
The goblin is heavily wounded.
The goblin hits you but does no damage.
You miss the goblin.
The goblin is heavily wounded.
The goblin misses you.
You closely miss the goblin.
The goblin is heavily wounded.
The goblin hits you with a +0 whip.
* * * LOW HITPOINT WARNING * * *
You barely miss the goblin.
The goblin is heavily wounded.
The goblin completely misses you. The goblin hits you with a +0 whip.
* * * LOW HITPOINT WARNING * * *
You hit the goblin.
You kill the goblin!
You see here a +0 whip.
Found a stone staircase leading down.
Found a club.
Natasha, Servant of Life and Death comes into view.
Natasha hisses angrily.
You see here 17 stones.
Natasha stares at you and mumbles some strange words.
The magic dart hits you.
You die...

#. ......... ###.#
..........>. ... ..
.h.... ...# #.# ..
#....###.###.# #. #.
#..).........#####. #.
#................#.##.
#............)...#..#.
#....@...........##.#.
#####.(.............#.
#.................
#.................
#.............####
#...............
#............####
..............#
...########+###


You could see Natasha.

Vanquished Creatures
  2 ball pythons
  A bat (D:1)
  3 endoplasms
  A goblin (D:2)
  4 hobgoblins
  2 kobolds (D:1)
13 creatures vanquished.

Vanquished Creatures (others)
  A plant (D:1)
  4 toadstools (D:1)
5 creatures vanquished.

Grand Total: 18 creatures vanquished

Notes
Turn   | Place    | Note
-------+----------+-------------------------------------------
     0 | D:1      | dave1331 the Hill Orc Fighter began the quest for the Orb.
     0 | D:1      | Reached XP level 1. HP: 19/19 MP: 1/1
   153 | D:1      | Reached XP level 2. HP: 26/27 MP: 2/2
   322 | D:2      | Noticed Natasha
   323 | D:2      | Killed from afar by Natasha

Illustrated notes

Levels and vault maps discovered:
D:1:      ldierk_walled_garden_2, layout_basic,
          hangedman_abyss_or_decor_lesser_grid, serial_bayou_lagoon_b
D:2:      layout_basic, uniq_natasha

Action                   || total
-------------------------++-------
Melee: Long sword        ||    37
  Use: Potion            ||     1
Armor: Scale mail        ||    22
Dodge: Dodged            ||    14
Block: Buckler           ||    10

Table legend: (Time is in decaauts)
 A = Elapsed time spent in this place.
 B = Non-inter-level travel time spent in this place.
 C = Inter-level travel time spent in this place.
 D = Time resting spent in this place.
 E = Time spent auto-exploring this place.
 F = Levels seen in this place.
 G = Mean time per level.
                   A        B        C        D        E       F      G
               +--------+--------+--------+--------+--------+-----+--------+
         Total |    334 |    117 |    217 |      0 |      0 |   2 |  167.0 |
       Dungeon |    334 |    117 |    217 |      0 |      0 |   2 |  167.0 |
               +--------+--------+--------+--------+--------+-----+--------+

Top non-repeatable levels by time:
     D:1: 246 daAuts
     D:2: 88 daAuts
